[Event "Team 45 45 League T54"]
[Site "Internet Chess Club"]
[Date "2012.08.29"]
[Round "3"]
[White "lawth3"]
[Black "MasterD"]
[Result "1-0"]
[WhiteElo "1250"]
[BlackElo "1110"]
[Opening "QGD: Marshall defense"]
[ECO "D06"]
[Time "20:30:48"]
[TimeControl "2700+45"]

1. d4 d5 2. c4 Nf6 3. Nf3 Nc6 4. Nc3 Bg4 5. h3 Bxf3 6. exf3 h6 7. f4 e6 8. Bd3
Nxd4 9. cxd5 Nxd5 10. Qa4+ c6 11. Qxd4 Nxc3 12. Qxc3 a5 13. a3 f6 14. O-O Be7
15. Be3 O-O 16. Rad1 Qc7 17. Bc5 Bxc5 18. Qxc5 Qxf4 19. Rfe1 e5 20. Re4 Qf3 21.
gxf3 {Black resigns} 1-0

[Event "Team 45 45 League T54"]
[Site "Internet Chess Club"]
[Date "2012.09.01"]
[Round "3"]
[White "ethan0627"]
[Black "Macovitski"]
[Result "0-1"]
[WhiteElo "1391"]
[BlackElo "1163"]
[Opening "Scandinavian defense"]
[ECO "B01"]
[Time "14:00:11"]
[TimeControl "2700+45"]

1. e4 d5 2. exd5 Nf6 3. Nf3 Nxd5 4. Bc4 Bg4 5. h3 Bh5 6. d4 e6 7. O-O c5 8. dxc5
Bxc5 9. Nc3 Nxc3 10. Qxd8+ Kxd8 11. bxc3 Bxf3 12. gxf3 Nd7 13. Rd1 Ke7 14. Rb1
b6 15. Bb5 Rad8 16. Bf4 f6 17. Bc7 Ne5 18. Bxd8+ Rxd8 19. Rxd8 Kxd8 20. Rd1+ Ke7
21. Kg2 f5 22. f4 Ng6 23. Rd7+ Kf6 24. Kg3 a5 25. Rd8 e5 26. fxe5+ Nxe5 27. f4
Nf7 28. Rd7 h5 29. Kh4 Bf2+ 30. Kxh5 g6# {White checkmated} 0-1

[Event "Team 45 45 League T54"]
[Site "Internet Chess Club"]
[Date "2012.09.03"]
[Round "3"]
[White "Conjurer"]
[Black "fuzzface"]
[Result "1-0"]
[WhiteElo "1554"]
[BlackElo "1326"]
[Opening "Queen's pawn, Mason variation"]
[ECO "D00"]
[Time "12:01:45"]
[TimeControl "2700+45"]

1. d4 d5 2. Bf4 e6 3. Nf3 Bd6 4. Bg3 Nf6 5. e3 Bxg3 6. hxg3 c6 7. Bd3 Nbd7 8.
Nbd2 b6 9. c3 c5 10. Qc2 c4 11. Be2 Qe7 12. Ne5 Nxe5 13. dxe5 Nd7 14. Nf3 Ba6
15. O-O-O Nc5 16. Rxh7 Rxh7 17. Qxh7 Qf8 18. Rh1 O-O-O 19. Nd4 Kc7 20. f4 Ne4
21. Bg4 Nxc3 22. bxc3 Qa3+ 23. Kb1 Qxc3 24. Qxg7 Qb4+ 25. Ka1 Qc3+ 26. Kb1 Qb4+
27. Nb3 cxb3 28. Rc1+ Bc4 29. Qxf7+ Rd7 30. Qxe6 bxa2+ 31. Ka1 Qe7 32. Rxc4+
dxc4 33. Qxc4+ Kd8 34. Bxd7 Kxd7 35. Kxa2 Ke8 36. Qc8+ Kf7 37. Qf5+ Ke8 38. Qg6+
Kd7 39. Kb3 b5 40. Qa6 Qc5 41. Qd6+ Qxd6 42. exd6 Kxd6 43. Kb4 Ke6 44. Kxb5 Kf5
45. Ka6 Kg4 46. e4 Kh5 47. Kxa7 Kg6 48. Kb7 Kf6 49. Kb6 Kg6 50. g4 Kf6 51. Kc6
Kf7 52. Kd7 Kf6 53. e5+ Kf7 54. e6+ Kg6 55. e7 Kh7 {Black resigns} 1-0

[Event "Team 45 45 League T54"]
[Site "Internet Chess Club"]
[Date "2012.08.30"]
[Round "3"]
[White "GideonL"]
[Black "dabodhi"]
[Result "1-0"]
[WhiteElo "1204"]
[BlackElo "1305"]
[Opening "Scandinavian defense"]
[ECO "B01"]
[Time "15:00:39"]
[TimeControl "2700+45"]

1. e4 d5 2. exd5 Nf6 3. Bc4 Nxd5 4. Bxd5 Qxd5 5. Nf3 Bg4 6. Nc3 Qa5 7. h3 Bh5 8.
d4 c6 9. Bf4 e6 10. O-O Nd7 11. Qd3 Bg6 12. Qd2 Bb4 13. a3 Be7 14. b4 Qd8 15.
Bg5 Nb6 16. Bxe7 Qxe7 17. Ne5 O-O 18. f4 f6 19. Nxg6 hxg6 20. Rfe1 f5 21. Qe3
Rfe8 22. Qg3 Qf6 23. Qe3 Nc4 24. Qd3 b5 25. a4 Nb2 26. Qd2 a6 27. a5 Rad8 28.
Ne2 Nc4 29. Qd3 e5 30. c3 e4 31. Qd1 g5 32. fxg5 Qxg5 33. Nc1 Nd2 34. Ra2 Nf3+
35. Kh1 Nxe1 36. Qxe1 Re6 37. Qd2 Qxd2 38. Rxd2 e3 39. Re2 f4 40. Kh2 g5 41. Nb3
Rf8 42. Nc5 Re7 43. Nxa6 f3 44. gxf3 Rxf3 45. Nb8 Rf2+ 46. Rxf2 exf2 47. Kg2 Rf7
48. Kf1 Rf6 49. a6 Rf7 50. Nxc6 Rc7 51. a7 Rf7 52. a8=Q+ Rf8 53. Qb7 Rf7 54.
Qxb5 Kh7 55. Qxg5 Rg7 56. Qxg7+ Kxg7 57. Kxf2 Kf7 58. h4 Kf6 59. b5 {Black
resigns} 1-0

[Event "Team 45 45 League T54"]
[Site "Internet Chess Club"]
[Date "2012.08.31"]
[Round "3"]
[White "carolinaknight"]
[Black "tamky70"]
[Result "0-1"]
[WhiteElo "1146"]
[BlackElo "1410"]
[Opening "French: advance, Paulsen attack"]
[ECO "C02"]
[Time "19:30:43"]
[TimeControl "2700+45"]

1. e4 e6 2. d4 d5 3. e5 c5 4. Nf3 Nc6 5. c3 Qb6 6. Na3 Nh6 7. Qc2 Nf5 8. Be2 Bd7
9. O-O cxd4 10. cxd4 Ncxd4 11. Qd3 Nxe2+ 12. Qxe2 Bxa3 13. Qd2 Be7 14. a3 Bc6
15. Qc2 Rc8 16. Qb1 d4 17. Bf4 Bxf3 18. gxf3 O-O 19. Ra2 Qb3 20. Ra1 Qxf3 21.
Bd2 Nh4 {White resigns} 0-1

[Event "Team 45 45 League T54"]
[Site "Internet Chess Club"]
[Date "2012.09.03"]
[Round "3"]
[White "theartist"]
[Black "wekabird"]
[Result "0-1"]
[WhiteElo "1146"]
[BlackElo "1073"]
[Opening "QGD semi-Slav: 5.e3"]
[ECO "D45"]
[Time "21:01:45"]
[TimeControl "2700+45"]

1. d4 d5 2. c4 c6 3. Nc3 e6 4. e3 Nf6 5. Nf3 Be7 6. Bd3 O-O 7. O-O b6 8. e4 dxc4
9. Bxc4 Ba6 10. Bxa6 Nxa6 11. Bg5 Nc7 12. Rc1 Rc8 13. e5 Nfd5 14. Bxe7 Qxe7 15.
Ne4 Ne8 16. a3 f5 17. Nc3 Nxc3 18. Rxc3 c5 19. dxc5 Rxc5 20. Qc2 Rxc3 21. Qxc3
Nc7 22. Qc6 Rd8 23. Qb7 h6 24. Qxa7 b5 25. Rc1 Rd7 26. Qc5 Qxc5 27. Re1 Qc2 28.
g3 Rd1 29. Rxd1 Qxd1+ 30. Kg2 Qc2 31. Nd4 Qe4+ 32. Nf3 g5 33. h3 g4 {White
resigns} 0-1

[Event "Team 45 45 League T54"]
[Site "Internet Chess Club"]
[Date "2012.09.02"]
[Round "3"]
[White "badmove"]
[Black "Grenadier"]
[Result "1-0"]
[WhiteElo "1763"]
[BlackElo "1724"]
[Opening "Grünfeld: 5.Bg5"]
[ECO "D91"]
[Time "17:41:11"]
[TimeControl "2700+45"]

1. d4 d5 2. c4 Nf6 3. Nc3 g6 4. Nf3 Bg7 5. Bg5 e6 6. e3 c6 7. Bd3 Nbd7 8. O-O
Qc7 9. cxd5 exd5 10. Rc1 O-O 11. Bf4 Qb6 12. Na4 Qb4 13. a3 Qe7 14. Bg5 Re8 15.
b4 Nf8 16. Re1 Bg4 17. h3 Bd7 18. Nc5 b6 19. Nxd7 Qxd7 20. Ne5 Rxe5 21. dxe5 Ne8
22. f4 Ne6 23. Bh4 d4 24. Be2 c5 25. bxc5 bxc5 26. Bg4 N8c7 27. Rxc5 h5 28. Bxe6
Nxe6 29. Rc4 Qb5 30. Rb4 Qd5 31. Re2 Qc6 32. Rc2 Qe4 33. Bf2 Rd8 34. Rd2 a5 35.
Rc4 Qd5 36. Qc2 Bf8 37. e4 Qb5 38. f5 Nf4 39. Bg3 d3 40. Qa4 Qb1+ 41. Qd1 Qb6+
42. Bf2 Ne2+ 43. Rxe2 dxe2 44. Qxe2 Qb1+ 45. Kh2 Rd1 46. Rc8 Rh1+ 47. Kg3 gxf5
48. Qxh5 Qd3+ 49. Qf3 f4+ 50. Kxf4 Qd7 51. Qg3+ Kh7 52. Rxf8 Qd2+ 53. Qe3 Qd1
54. Rxf7+ Kg6 55. Rf6+ Kh7 56. Qa7+ Kg8 57. Qf7+ Kh8 58. Rh6# {Black checkmated}
1-0

[Event "Team 45 45 League T54"]
[Site "Internet Chess Club"]
[Date "2012.09.02"]
[Round "3"]
[White "zepled37"]
[Black "ILRE"]
[Result "1-0"]
[WhiteElo "1551"]
[BlackElo "1548"]
[Opening "Réti opening"]
[ECO "A04"]
[Time "13:04:40"]
[TimeControl "2700+45"]

1. Nf3 e6 2. b3 Nf6 3. Bb2 Be7 4. e3 c5 5. Be2 Nc6 6. c4 b6 7. d4 O-O 8. O-O Bb7
9. d5 exd5 10. cxd5 Nb4 11. d6 Bxd6 12. Qxd6 Nc2 13. Rd1 Nxa1 14. Bxa1 Bc6 15.
Ne5 Ne4 16. Nxc6 dxc6 17. Qxc6 Qe8 18. Qxe8 Rfxe8 19. f3 Nf6 20. Kf2 Red8 21.
Bxf6 Rxd1 22. Bxd1 gxf6 23. Na3 Rd8 24. Ke2 Kg7 25. Bc2 h5 26. Nc4 Rd7 27. Bf5
Rd8 28. Bc2 Rd7 29. a4 Kf8 30. e4 Kg7 31. Ke3 Rd8 32. Ke2 Rd7 33. Bd3 Rd8 34.
Ne3 Rd7 35. Bc4 Kg6 36. Bd5 Kg5 37. g3 Kg6 38. Kd3 Kg5 39. Kc4 h4 40. f4+ Kh5
41. g4+ Kg6 42. h3 a6 43. Nf5 Kh7 44. a5 bxa5 45. Kxc5 a4 46. bxa4 Rc7+ 47. Bc6
Rc8 48. Nd6 Rb8 49. Bb7 a5 50. Kc6 Kg6 51. Nc8 {Black resigns} 1-0

[Event "Team 45 45 League T54"]
[Site "Internet Chess Club"]
[Date "2012.09.04"]
[Round "3"]
[White "Helaman"]
[Black "GoIrish"]
[Result "1-0"]
[WhiteElo "1673"]
[BlackElo "1580"]
[Opening "Alekhine's defense: exchange variation"]
[ECO "B03"]
[Time "21:08:12"]
[TimeControl "2700+45"]

1. e4 Nf6 2. e5 Nd5 3. d4 d6 4. c4 Nb6 5. exd6 exd6 6. Nc3 Nc6 7. h3 Be7 8. Nf3
O-O 9. Bd3 Nb4 10. Bb1 Nc6 11. O-O Nxc4 12. Qd3 g6 13. Qxc4 Bf6 14. Nd5 Bg7 15.
Bg5 Qd7 16. Bd3 h6 17. Bxh6 Na5 18. Qc1 c6 19. Bxg7 cxd5 20. Qh6 f5 21. Qh8+ Kf7
22. Qxf8+ Ke6 23. Qf6# {Black checkmated} 1-0

[Event "Team 45 45 League T54"]
[Site "Internet Chess Club"]
[Date "2012.08.30"]
[Round "3"]
[White "BrerRabbit"]
[Black "CKNIGHT3"]
[Result "0-1"]
[WhiteElo "1478"]
[BlackElo "1615"]
[Opening "English: symmetrical, Botvinnik system reversed"]
[ECO "A37"]
[Time "19:03:51"]
[TimeControl "2700+45"]

1. c4 c5 2. g3 g6 3. Bg2 Bg7 4. Nc3 Nc6 5. Nf3 e5 6. O-O Nge7 7. a3 O-O 8. Rb1
a5 9. Ne1 d6 10. Nc2 Be6 11. Ne3 Kh8 12. d3 f5 13. Ned5 Rb8 14. Bg5 h6 15. Bd2
g5 16. Qc1 Ng6 17. Nb5 Bxd5 18. Bxd5 Nd4 19. Nxd4 cxd4 20. b4 axb4 21. Rxb4 b6
22. Rb5 f4 23. Be4 Ne7 24. Qb2 fxg3 25. hxg3 Nc8 26. Qc1 Qf6 27. Kg2 Na7 28. Rb3
b5 29. Qb2 h5 30. cxb5 h4 31. b6 Nc8 32. a4 d5 33. Bxd5 Rxb6 34. a5 Rxb3 35.
Qxb3 hxg3 36. Kxg3 Ne7 37. Be4 Qh6 38. Rh1 Nf5+ 39. Kg2 Nh4+ 40. Kg3 Qf6 41. Rh2
Qh6 42. Qb6 Qh5 43. Bf3 Rxf3+ 44. exf3 Qxf3# {White checkmated} 0-1

[Event "Team 45 45 League T54"]
[Site "Internet Chess Club"]
[Date "2012.09.01"]
[Round "3"]
[White "b-spot"]
[Black "LittleButton"]
[Result "0-1"]
[WhiteElo "1623"]
[BlackElo "1742"]
[Opening "Nimzo-Indian: classical, Milner-Barry (Zurich) variation"]
[ECO "A50"]
[Time "10:11:20"]
[TimeControl "2700+45"]

1. d4 Nf6 2. c4 Nc6 3. Nf3 e6 4. Nc3 Bb4 5. Qc2 d6 6. Bd2 e5 7. a3 Bxc3 8. Bxc3
Qe7 9. d5 Nb8 10. e4 a5 11. c5 O-O 12. cxd6 cxd6 13. b4 axb4 14. axb4 Rxa1+ 15.
Bxa1 Bg4 16. Be2 Rc8 17. Bc3 Qc7 18. Nd2 Qxc3 19. Qxc3 Rxc3 20. Bxg4 Nxg4 21.
O-O Rc2 22. Nb3 Nd7 23. Na5 Rc7 24. f3 Ne3 25. Re1 Nc4 26. Rc1 b5 27. Nc6 Ndb6
28. g3 Kf8 29. f4 f6 30. fxe5 Nxe5 31. Kf2 Nd3+ {White resigns} 0-1

[Event "Team 45 45 League T54"]
[Site "Internet Chess Club"]
[Date "2012.09.02"]
[Round "3"]
[White "Skeptic1972"]
[Black "Achelous"]
[Result "0-1"]
[WhiteElo "1649"]
[BlackElo "1672"]
[Opening "Sicilian: closed"]
[ECO "B23"]
[Time "15:01:21"]
[TimeControl "2700+45"]

1. e4 c5 2. Nc3 g6 3. f4 Bg7 4. Nf3 d6 5. g3 Nc6 6. Bg2 Bd7 7. O-O Nf6 8. d3 Qb6
9. h3 O-O-O 10. Kh2 Rdg8 11. e5 Ne8 12. Ng5 Nd8 13. Nd5 Qa6 14. Nxe7+ Kb8 15.
Nxg8 Rxg8 16. exd6 h6 17. Ne4 Ne6 18. a3 f5 19. Nc3 Nf6 20. Be3 g5 21. fxg5 hxg5
22. Nd5 Ng4+ 23. hxg4 f4 24. gxf4 Qxd6 25. Qf3 Bc6 26. c4 Nd4 27. Bxd4 Bxd4 28.
Bh3 gxf4 29. Qxf4 Be5 30. Kg3 Bxd5 31. cxd5 Qxd5 32. Bg2 Qxd3+ 33. Rf3 Bxf4+ 34.
Kxf4 Rf8+ 35. Kg3 Qd6+ 36. Kf2 Qd4+ 37. Kg3 Qe5+ 38. Kf2 Qxb2+ 39. Kg3 Rxf3+ 40.
Bxf3 Qxa1 {White resigns} 0-1

[Event "Team 45 45 League T54"]
[Site "Internet Chess Club"]
[Date "2012.08.29"]
[Round "3"]
[White "tryanything"]
[Black "Xanther"]
[Result "0-1"]
[WhiteElo "1571"]
[BlackElo "1582"]
[Opening "QGD semi-Slav"]
[ECO "D43"]
[Time "20:13:24"]
[TimeControl "2700+45"]

1. d4 d5 2. c4 c6 3. Nc3 Nf6 4. Nf3 e6 5. Bg5 Be7 6. e3 O-O 7. Bd3 dxc4 8. Bxc4
h6 9. Bh4 b5 10. Bd3 Nbd7 11. O-O Bb7 12. Rc1 Rc8 13. Qe2 a6 14. Ne4 Nxe4 15.
Bxe7 Qxe7 16. Bxe4 f5 17. Bd3 c5 18. b3 Qd6 19. Rfd1 Bxf3 20. Qxf3 cxd4 21. Rxc8
Rxc8 22. exd4 Nf6 23. h3 Nd5 24. g3 Nc3 25. Rd2 Nd5 26. Qd1 Nc3 27. Qe1 Kf7 28.
Qe5 Qxe5 29. dxe5 Rd8 30. Kf1 Rd5 31. f4 Ne4 32. Rd1 Nxg3+ 33. Ke1 Rd4 34. a4
Nh5 35. axb5 axb5 36. Bxb5 Rxd1+ 37. Kxd1 Nxf4 38. Bf1 Ng6 39. b4 Nxe5 40. b5
Nd7 41. Kd2 Kf6 42. Ke3 e5 43. Bc4 Nb6 44. Bb3 g5 45. Kf3 h5 46. Ke3 g4 47. hxg4
hxg4 48. Kf2 f4 49. Bd1 Kf5 50. Kg2 e4 51. Bc2 Ke5 52. Kf2 e3+ 53. Ke2 Kd4 54.
Bf5 g3 55. Kf3 Nd5 56. Bh3 Kd3 57. Bf1+ Kd2 58. Bc4 Nb6 59. Bf1 Nd5 60. Bc4 g2
61. Kxg2 Nb6 62. Bf1 e2 63. Bxe2 {White resigns} 0-1

[Event "Team 45 45 League T54"]
[Site "Internet Chess Club"]
[Date "2012.08.30"]
[Round "3"]
[White "N3QW"]
[Black "PostMike"]
[Result "0-1"]
[WhiteElo "1394"]
[BlackElo "1474"]
[Opening "Sicilian: Najdorf, Lipnitzky attack"]
[ECO "B86"]
[Time "14:00:50"]
[TimeControl "2700+45"]

1. e4 c5 2. Nf3 d6 3. d4 cxd4 4. Nxd4 Nf6 5. Nc3 a6 6. Bc4 e6 7. O-O Be7 8. f3
Nc6 9. Nb3 b5 10. Be2 O-O 11. a3 Qd7 12. Be3 Rd8 13. Bb6 Re8 14. Qd2 Bd8 15. Be3
Bc7 16. Rad1 h6 17. Bd3 Bb7 18. Bxh6 gxh6 19. Qxh6 Qe7 20. f4 Ng4 21. Qh3 f5 22.
exf5 exf5 23. Bxf5 Nf6 24. Bg6 Qe3+ 25. Qxe3 Rxe3 26. h3 Kg7 27. f5 Ne7 28. Rd2
Nxg6 29. fxg6 Kxg6 30. Rdf2 Rf8 31. h4 Bb6 32. Kh1 Bd8 33. Kg1 Be7 34. g4 Rg3+
35. Kh2 Rxg4 36. Kh3 Bc8 37. Rg2 Rxg2+ 38. Kxg2 Ng4 39. Rxf8 Bxf8 40. Nd2 Ne3+
41. Kf2 Nxc2 42. Ke2 Nd4+ 43. Kd1 Bg4+ 44. Kc1 Ne2+ 45. Nxe2 Bxe2 46. Kc2 d5 47.
b4 Bh6 48. Kc1 Kf5 49. Kc2 Bxd2 50. Kxd2 Bg4 51. Kd3 Ke5 52. Ke3 d4+ 53. Kd3
Bf5+ 54. Kd2 Ke4 55. h5 Bh7 56. Ke2 d3+ 57. Kd2 Kd4 58. h6 Kc4 59. Kc1 Kc3
{White resigns} 0-1

[Event "Team 45 45 League T54"]
[Site "Internet Chess Club"]
[Date "2012.09.02"]
[Round "3"]
[White "room-matt"]
[Black "hcube"]
[Result "1/2-1/2"]
[WhiteElo "1800"]
[BlackElo "1708"]
[Opening "Queen's pawn game"]
[ECO "A45"]
[Time "15:10:22"]
[TimeControl "2700+45"]

1. d4 Nf6 2. Nc3 c5 3. d5 e6 4. Bg5 d6 5. e4 Be7 6. Nf3 a6 7. Qd2 exd5 8. exd5
b5 9. a3 Nbd7 10. Be2 Bb7 11. b4 Rc8 12. O-O O-O 13. Rfe1 Re8 14. Rab1 Nb6 15.
bxc5 Rxc5 16. Be3 Nc4 17. Bxc4 Rxc4 18. Qd3 Qc8 19. Rb3 Qa8 20. Rd1 Bf8 21. a4
bxa4 22. Qxc4 axb3 23. cxb3 Qc8 24. h3 g6 25. Bf4 Qxc4 26. bxc4 Nd7 27. Rb1 Bc8
28. Rb4 Bg7 29. Nd1 Ne5 30. Nxe5 Bxe5 31. Bxe5 Rxe5 32. Ne3 Kg7 33. Rb6 f5 34.
Rxd6 f4 35. Nf1 Re1 36. Rc6 Bf5 37. d6 Rd1 38. c5 a5 39. Rc7+ Kh6 40. Ra7 f3 41.
Rxa5 Bd3 42. gxf3 Rxf1+ 43. Kg2 Rd1 44. Ra7 Bb5 45. Rc7 Rd5 46. f4 Rd4 47. Kg3
Rd3+ 48. Kg2 Rd4 49. Kg3 Ba4 50. Rf7 Rd3+ 51. Kh2 Rc3 52. Rc7 Rd3 53. h4 Rd5 54.
f3 Rd2+ 55. Kg3 Bb5 56. Rf7 Rc2 {Game drawn by mutual agreement} 1/2-1/2

[Event "Team 45 45 League T54"]
[Site "Internet Chess Club"]
[Date "2012.09.02"]
[Round "3"]
[White "fireball"]
[Black "mellizas2003"]
[Result "0-1"]
[WhiteElo "1711"]
[BlackElo "1727"]
[Opening "Queen's gambit declined"]
[ECO "D30"]
[Time "16:21:03"]
[TimeControl "2700+45"]

1. d4 d5 2. c4 e6 3. Nf3 Be7 4. e3 Nf6 5. c5 b6 6. b4 a5 7. Qa4+ Bd7 8. Bb5 O-O
9. Bxd7 Nbxd7 10. c6 Bxb4+ 11. Bd2 Bxd2+ 12. Nbxd2 Nb8 13. Ne5 Qd6 14. g4 Ne4
15. Nxe4 dxe4 16. Rc1 Qb4+ 17. Qxb4 axb4 18. Rc2 b3 19. Rc1 bxa2 20. O-O f6 21.
Nd7 Nxd7 22. cxd7 Rfd8 23. Ra1 Rxd7 24. Rfc1 c5 25. dxc5 bxc5 26. Rxc5 Rb7 27.
Rcc1 Rb2 28. h4 Rab8 29. Kg2 Rb1 30. Rcxb1 axb1=Q {White resigns} 0-1

[Event "Team 45 45 League T54"]
[Site "Internet Chess Club"]
[Date "2012.09.02"]
[Round "3"]
[White "chrisgianno"]
[Black "nidusin2"]
[Result "1-0"]
[WhiteElo "1665"]
[BlackElo "1606"]
[Opening "Trompowsky attack (Ruth, Opocenský opening)"]
[ECO "A45"]
[Time "08:25:55"]
[TimeControl "2700+45"]

1. d4 Nf6 2. Bg5 e6 3. e4 Be7 4. Bxf6 Bxf6 5. e5 Be7 6. f4 d6 7. Nf3 Nc6 8. Be2
dxe5 9. fxe5 b6 10. O-O Bb7 11. c3 f6 12. exf6 Bxf6 13. Bc4 Qd6 14. Bxe6 Qxe6
15. Re1 Be5 16. Nxe5 O-O 17. d5 Qf6 18. Nxc6 Qf2+ 19. Kh1 Rae8 20. Rxe8 Rxe8 21.
Na3 Qxb2 22. Qc1 Qf2 23. Nb5 Qf7 24. c4 Re2 25. Nbd4 Rxg2 26. Kxg2 Qg6+ 27. Kf2
Qf6+ 28. Nf3 Ba6 29. Ne5 b5 30. Rb1 h6 31. cxb5 Bb7 32. Qd2 g5 33. Rg1 Qb6+ 34.
Qd4 Qxb5 35. Nxg5 {Black resigns} 1-0

[Event "Team 45 45 League T54"]
[Site "Internet Chess Club"]
[Date "2012.09.02"]
[Round "3"]
[White "monkeyshark"]
[Black "DutchBird"]
[Result "0-1"]
[WhiteElo "1488"]
[BlackElo "1411"]
[Opening "Philidor's defense"]
[ECO "C41"]
[Time "11:00:39"]
[TimeControl "2700+45"]

1. e4 e5 2. Nf3 d6 3. Bc4 Be7 4. d4 exd4 5. Nxd4 Nf6 6. Nc3 O-O 7. Qf3 Nc6 8.
Nxc6 bxc6 9. Bf4 Rb8 10. b3 Be6 11. Bxe6 fxe6 12. g4 Nd7 13. Qe3 Bf6 14. Bg3 c5
15. Rd1 Bd4 16. Qd2 Ne5 17. Bxe5 Bxf2+ 18. Ke2 Qh4 19. h3 dxe5 20. Rdf1 Qg3 21.
Qd3 Qg2 22. Nd1 Bh4+ 23. Nf2 Rxf2+ 24. Rxf2 Qxf2+ 25. Kd1 Rd8 26. Qxd8+ Bxd8
{White resigns} 0-1

[Event "Team 45 45 League T54"]
[Site "Internet Chess Club"]
[Date "2012.09.01"]
[Round "3"]
[White "SymbolicJester"]
[Black "ticopatzer"]
[Result "0-1"]
[WhiteElo "1817"]
[BlackElo "1680"]
[Opening "Robatsch defense: two knights variation"]
[ECO "B06"]
[Time "19:04:06"]
[TimeControl "2700+45"]

1. e4 g6 2. d4 Bg7 3. Nf3 d6 4. Nc3 a6 5. Bc4 Bg4 6. h3 Bxf3 7. Qxf3 e6 8. Be3
Nd7 9. O-O Ne7 10. Rad1 b5 11. Bb3 Qc8 12. Rfe1 c5 13. dxc5 dxc5 14. a3 c4 15.
Ba2 O-O 16. Bg5 Nc6 17. Be3 Qb7 18. Qe2 Bxc3 19. bxc3 Rfd8 20. f4 Qc7 21. e5 Qa5
22. Qf3 Rac8 23. Bc1 Nb6 24. Rxd8+ Nxd8 25. Rd1 Nd5 26. f5 Qxc3 27. fxg6 Qxf3
28. gxh7+ Kxh7 29. gxf3 Nc3 30. Rd7 Nxa2 31. Bg5 Nc6 32. h4 Nxe5 33. Ra7 Nxf3+
34. Kf2 Nxg5 35. hxg5 Kg6 36. Rxa6 Nc3 37. Ra7 Ne4+ 38. Ke3 {White resigns} 0-1

[Event "Team 45 45 League T54"]
[Site "Internet Chess Club"]
[Date "2012.09.02"]
[Round "3"]
[White "Frankly"]
[Black "amicusUK"]
[Result "1-0"]
[WhiteElo "1777"]
[BlackElo "1614"]
[Opening "Pirc: Ufimtsev-Pytel variation"]
[ECO "B07"]
[Time "13:00:28"]
[TimeControl "2700+45"]

1. e4 d6 2. d4 Nf6 3. Nc3 c6 4. Nf3 Bg4 5. Be2 Nbd7 6. O-O e6 7. Bg5 Be7 8. Re1
h6 9. Bh4 Qb6 10. Rb1 g5 11. Bg3 Nh5 12. Qd2 Nxg3 13. hxg3 O-O-O 14. a4 d5 15.
exd5 exd5 16. Na2 Nf6 17. Bd3 Bd6 18. Ne5 Bxe5 19. dxe5 Nd7 20. b4 a6 21. b5
axb5 22. axb5 c5 23. Nc3 Qc7 24. Nxd5 Qb8 25. Ne7+ Kc7 26. Re4 Be6 27. b6+ Nxb6
28. Qa5 Kd7 29. Qxb6 Kxe7 30. Qxc5+ Ke8 31. Reb4 Qc8 32. Bb5+ Bd7 33. Bxd7+ Qxd7
34. Rxb7 Rc8 35. Qa7 Qd8 36. Rxf7 Rf8 37. e6 Qd5 38. Rxf8+ {Black resigns} 1-0

[Event "Team 45 45 League T54"]
[Site "Internet Chess Club"]
[Date "2012.09.03"]
[Round "3"]
[White "Check101"]
[Black "julesraider"]
[Result "1-0"]
[WhiteElo "1561"]
[BlackElo "1582"]
[Opening "Sicilian"]
[ECO "B50"]
[Time "14:12:41"]
[TimeControl "2700+45"]

1. e4 c5 2. Nf3 d6 3. b3 Nf6 4. d3 Nc6 5. Bb2 e6 6. Nbd2 Be7 7. Be2 b5 8. O-O
Qb6 9. e5 dxe5 10. Nxe5 Nd4 11. Bf3 Nxf3+ 12. Ndxf3 h6 13. c4 O-O 14. d4 cxd4
15. Nxd4 bxc4 16. Nxc4 Qc5 17. Ba3 Qc7 18. Nb5 Qb7 19. Nbd6 Qa6 20. Bb2 Rd8 21.
Qf3 Bd7 22. Ne4 Nxe4 23. Qxe4 Bc6 24. Qg4 Bf8 25. Ne5 Bb5 26. Rfe1 Rac8 27. a4
Be8 28. Rad1 Qb6 29. Rxd8 Rxd8 30. Re3 Bxa4 31. Nc4 Qb5 32. bxa4 Qxa4 33. g3
Rd1+ 34. Kg2 Rd5 35. h4 Qb5 36. Re5 Qc6 37. Qe4 Qb7 38. Rxd5 exd5 39. Qf3 Qb5
40. Ne5 Qxb2 41. Qxf7+ Kh7 42. Qg6+ Kh8 43. Nf7+ Kg8 44. Nxh6+ Kh8 45. Nf7+ Kg8
46. Ng5 Bc5 47. Qf7+ Kh8 48. Qe8+ Bf8 49. Qxf8# {Black checkmated} 1-0

[Event "Team 45 45 League T54"]
[Site "Internet Chess Club"]
[Date "2012.09.03"]
[Round "3"]
[White "rayngrant"]
[Black "seattleblues"]
[Result "1-0"]
[WhiteElo "1570"]
[BlackElo "1353"]
[Opening "Caro-Kann: Steinitz variation"]
[ECO "B17"]
[Time "22:02:56"]
[TimeControl "2700+45"]

1. e4 c6 2. d4 d5 3. Nc3 dxe4 4. Nxe4 Nd7 5. Nf3 Ngf6 6. Bd3 Nxe4 7. Bxe4 Nf6 8.
Bd3 Bg4 9. c3 e6 10. O-O Be7 11. Be2 O-O 12. Ne5 Bxe2 13. Qxe2 c5 14. Be3 Nd5
15. Rfd1 Bf6 16. Ng4 cxd4 17. Nxf6+ Qxf6 18. Bxd4 Qg6 19. Qf3 b6 20. a3 Rac8 21.
Rac1 Ne7 22. Be5 Rfd8 23. Bc7 Rxd1+ 24. Rxd1 Nd5 25. Bg3 f5 26. Be5 Qf7 27. b3
Nf6 28. c4 Ng4 29. Qf4 Qh5 30. Rd7 Nxe5 31. Qxe5 Qg6 32. Rxg7+ Qxg7 33. Qxe6+
Qf7 34. Qxc8+ Qf8 35. Qxf8+ Kxf8 36. f4 Ke7 37. Kf2 Ke6 38. Ke3 Kd6 39. Kd4 h5
40. h4 {Black resigns} 1-0

[Event "Team 45 45 League T54"]
[Site "Internet Chess Club"]
[Date "2012.09.08"]
[Round "3"]
[White "rookmaster23"]
[Black "nanning"]
[Result "1/2-1/2"]
[WhiteElo "1645"]
[BlackElo "1667"]
[Opening "Queen's Indian: Nimzovich variation (exaggerated fianchetto)"]
[ECO "E15"]
[Time "09:05:06"]
[TimeControl "2700+45"]

1. d4 Nf6 2. c4 e6 3. Nf3 b6 4. g3 Ba6 5. b3 Be7 6. Bg2 Bb7 7. O-O d5 8. Bb2
Nbd7 9. e3 O-O 10. cxd5 exd5 11. Nc3 Ne4 12. Nxe4 dxe4 13. Nd2 f5 14. Rc1 Nf6
15. Qc2 Rc8 16. Nc4 c5 17. dxc5 Rxc5 18. Ba3 Rd5 19. Bxe7 Qxe7 20. Rfd1 b5 21.
Nb2 Rc8 22. Qe2 Rxc1 23. Rxc1 Qd7 24. Rd1 a6 25. Rxd5 Nxd5 26. Qd2 Qc6 27. f3
Qc5 28. Nd1 Qb4 29. Qxb4 Nxb4 30. fxe4 fxe4 31. Nc3 Kf7 32. a3 Nc2 33. Bxe4 Bxe4
34. Nxe4 Nxa3 35. Kf2 a5 36. Nc5 Nb1 37. Ke2 Ke7 38. Kd3 Kf6 39. e4 Ke5 40. Ke3
Nc3 41. Kd3 Nb1 42. Ke3 Nc3 43. Kd3 b4 44. Ke3 Nd1+ 45. Kd3 Nb2+ 46. Ke3 Nd1+
{Game drawn by mutual agreement} 1/2-1/2

[Event "Team 45 45 League T54"]
[Site "Internet Chess Club"]
[Date "2012.09.01"]
[Round "3"]
[White "tryanything"]
[Black "sdcohle"]
[Result "1-0"]
[WhiteElo "1580"]
[BlackElo "1408"]
[Opening "Queen's bishop game"]
[ECO "D00"]
[Time "21:49:08"]
[TimeControl "2700+45"]

1. d4 d5 2. Bf4 Nf6 3. Nf3 Nc6 4. e3 e6 5. c3 Bd6 6. Bg3 O-O 7. Bd3 Re8 8. Ne5
Bd7 9. Nd2 Re7 10. f4 Be8 11. Bh4 Nb8 12. Qf3 Nbd7 13. g4 g6 14. Bg5 Kg7 15. Qh3
Ng8 16. Bxe7 Qxe7 17. Ndf3 f5 18. gxf5 exf5 19. O-O-O Ndf6 20. Rhg1 Ne4 21. Bxe4
dxe4 22. Nd2 b5 23. Qxf5 Nf6 24. Nxe4 Nd5 25. Qh3 a5 26. Ng5 Kh8 27. Nef7+ Kg7
28. Qxh7+ Kf6 29. Qh8+ Kf5 30. e4+ Kxf4 31. Qh4+ Ke3 32. Rge1# {Black
checkmated} 1-0